| TOP OF THE 1ST |
|
Los Angeles (NYP) Dodgers batting - Pitching for Salem-Keizer Volcanoes : RHP Allen Vesey
|
|
Pitching: RHP Allen Vesey
|
|
|
Batting: SHB Guy Jerome
|
0-0: Ball 1-0: Ball 2-0: Foul Ball, location: 2F 2-1: Fly out, F9 (Flyball, 9S, EV 86.2 MPH)
|
|
Batting: RHB Perry Dominey
|
0-0: Ground out 6-3 (Groundball, 6, EV 103.8 MPH)
|
|
Batting: LHB Randy Stapleton
|
0-0: Swinging Strike 0-1: Ball 1-1: Swinging Strike 1-2: Ball 2-2: Foul Ball, location: 2F 2-2: Ball 3-2: Ground out 3-1 (Groundball, 34S, EV 70.0 MPH)
|
| Top of the 1st over - 0 runs, 0 hits, 0 errors, 0 left on base; Los Angeles (NYP) 0 - Salem-Keizer 0 |
| BOTTOM OF THE 1ST |
|
Salem-Keizer Volcanoes batting - Pitching for Los Angeles (NYP) Dodgers : RHP Guy Jerome
|
|
Pitching: RHP Guy Jerome
|
|
|
Batting: RHB David Bibian
|
0-0: Ball 1-0: Foul Ball, location: 2F 1-1: Ground out 6-3 (Groundball, 6, EV 91.9 MPH)
|
|
Batting: LHB Ben Radach
|
0-0: Foul Ball, location: 2F 0-1: Called Strike 0-2: Foul Ball, location: 2F 0-2: Foul Ball, location: 2F 0-2: Foul Ball, location: 2F 0-2: Ground out 1-3 (Groundball, P, EV 70.0 MPH)
|
|
Batting: LHB Tom Reynolds
|
0-0: Ball 1-0: Foul Ball, location: 2F 1-1: Called Strike 1-2: Strikes out looking
|
| Bottom of the 1st over - 0 runs, 0 hits, 0 errors, 0 left on base; Los Angeles (NYP) 0 - Salem-Keizer 0 |
| TOP OF THE 2ND |
|
Los Angeles (NYP) Dodgers batting - Pitching for Salem-Keizer Volcanoes : RHP Allen Vesey
|
|
Batting: SHB Marcos Cortez
|
0-0: Ball 1-0: Foul Ball, location: 2F 1-1: Ball 2-1: TRIPLE (Flyball, 9LD, EV 100.0 MPH)
|
|
Batting: RHB Frank Elizondo
|
0-0: Foul Ball, location: 2F 0-1: Fly out, F7 (Line Drive, 7LS, EV 88.1 MPH)
|
|
Batting: RHB Cory Bonham
|
0-0: Called Strike 0-1: Ball 1-1: Ball 2-1: Swinging Strike 2-2: Strikes out swinging
|
|
Batting: RHB Justin Van Houten
|
0-0: SINGLE (Groundball, 6MD, EV 98.8 MPH) Marcos Cortez scores
|
|
Batting: LHB Hiroki Yamamoto
|
0-0: Ball Justin Van Houten is caught stealing 2nd base 2-6
|
| Top of the 2nd over - 1 run, 2 hits, 0 errors, 0 left on base; Los Angeles (NYP) 1 - Salem-Keizer 0 |
| BOTTOM OF THE 2ND |
|
Salem-Keizer Volcanoes batting - Pitching for Los Angeles (NYP) Dodgers : RHP Guy Jerome
|
|
Batting: LHB Mike Sammons
|
0-0: Called Strike 0-1: Ball 1-1: Ball 2-1: Foul Ball, location: 2F 2-2: Strikes out swinging, 2-3 out at first.
|
|
Batting: RHB Jonathan Davis
|
0-0: Ground out U3 (Groundball, 34S, EV 85.0 MPH)
|
|
Batting: RHB Matt Fabre
|
0-0: Ball 1-0: Ball 2-0: Ball 3-0: Called Strike 3-1: Swinging Strike 3-2: Foul Ball, location: 2F 3-2: Ground out 4-3 (Groundball, 4D, EV 96.2 MPH)
|
| Bottom of the 2nd over - 0 runs, 0 hits, 0 errors, 0 left on base; Los Angeles (NYP) 1 - Salem-Keizer 0 |
| TOP OF THE 3RD |
|
Los Angeles (NYP) Dodgers batting - Pitching for Salem-Keizer Volcanoes : RHP Allen Vesey
|
|
Batting: LHB Hiroki Yamamoto
|
0-0: Called Strike 0-1: Ground out 4-3 (Groundball, 4MD, EV 85.6 MPH)
|
|
Batting: RHB Chris Graham
|
0-0: Ball 1-0: Ball 2-0: Ground out 4-3 (Groundball, 34, EV 84.4 MPH)
|
|
Batting: SHB Guy Jerome
|
0-0: Foul Ball, location: 2F 0-1: Foul Ball, location: 2F 0-2: Ball 1-2: Ball 2-2: Ball 3-2: Foul Ball, location: 2F 3-2: Fly out, F9 (Flyball, 9, EV 97.5 MPH)
|
| Top of the 3rd over - 0 runs, 0 hits, 0 errors, 0 left on base; Los Angeles (NYP) 1 - Salem-Keizer 0 |
| BOTTOM OF THE 3RD |
|
Salem-Keizer Volcanoes batting - Pitching for Los Angeles (NYP) Dodgers : RHP Guy Jerome
|
|
Batting: SHB Curtis Thompson
|
0-0: Called Strike 0-1: Ball 1-1: Ball 2-1: Swinging Strike 2-2: DOUBLE (Groundball, 3L, EV 102.5 MPH)
|
|
Batting: RHB Ryan Roberts
|
0-0: Called Strike 0-1: Ball 1-1: Foul Ball, location: 2F 1-2: Ball 2-2: Strikes out swinging
|
|
Batting: RHB Mario Mendoza
|
0-0: Swinging Strike 0-1: Fly out, F8 (Flyball, 8LD, EV 91.9 MPH)
|
|
Batting: RHB David Bibian
|
0-0: Swinging Strike 0-1: Ball 1-1: Foul Ball, location: 2F 1-2: Fly out, F8 (Flyball, 8RD, EV 98.8 MPH)
|
| Bottom of the 3rd over - 0 runs, 1 hit, 0 errors, 1 left on base; Los Angeles (NYP) 1 - Salem-Keizer 0 |
| TOP OF THE 4TH |
|
Los Angeles (NYP) Dodgers batting - Pitching for Salem-Keizer Volcanoes : RHP Allen Vesey
|
|
Batting: RHB Perry Dominey
|
0-0: Called Strike 0-1: Foul Ball, location: 2F 0-2: Ball 1-2: Hit by Pitch
|
|
Batting: LHB Randy Stapleton
|
0-0: Ball 1-0: Called Strike 1-1: Called Strike 1-2: Fly out, F9 (Flyball, 9S, EV 96.2 MPH)
|
|
Batting: SHB Marcos Cortez
|
0-0: Ball 1-0: Called Strike Pickoff Throw to First - Error! E1 Perry Dominey to second 1-1: Hit by Pitch
|
|
Batting: RHB Frank Elizondo
|
0-0: Ball 1-0: Ball 2-0: Grounds into double play, 3-6-3 (Groundball, 34, EV 93.1 MPH)
|
| Top of the 4th over - 0 runs, 0 hits, 1 error, 1 left on base; Los Angeles (NYP) 1 - Salem-Keizer 0 |
| BOTTOM OF THE 4TH |
|
Salem-Keizer Volcanoes batting - Pitching for Los Angeles (NYP) Dodgers : RHP Guy Jerome
|
|
Batting: LHB Ben Radach
|
0-0: Ball 1-0: Called Strike 1-1: Ball 2-1: Ball 3-1: Foul Ball, location: 2F 3-2: Ground out 4-3 (Groundball, 34D, EV 101.2 MPH)
|
|
Batting: LHB Tom Reynolds
|
0-0: Ball 1-0: Foul Ball, location: 2F 1-1: Ball 2-1: Ground out 6-3 (Groundball, P, EV 82.5 MPH)
|
|
Batting: LHB Mike Sammons
|
0-0: Ball 1-0: Ball 2-0: SINGLE (Groundball, 6MD, EV 109.4 MPH)
|
|
Batting: RHB Jonathan Davis
|
0-0: Foul Ball, location: 2F 0-1: Ball 1-1: Ball 2-1: Ground out 4-3 (Groundball, 34, EV 102.5 MPH)
|
| Bottom of the 4th over - 0 runs, 1 hit, 0 errors, 1 left on base; Los Angeles (NYP) 1 - Salem-Keizer 0 |
| TOP OF THE 5TH |
|
Los Angeles (NYP) Dodgers batting - Pitching for Salem-Keizer Volcanoes : RHP Allen Vesey
|
|
Batting: RHB Cory Bonham
|
0-0: Ball 1-0: Ball 2-0: Called Strike 2-1: Fly out, F9 (Flyball, 89S, EV 86.2 MPH)
|
|
Batting: RHB Justin Van Houten
|
0-0: Called Strike 0-1: TRIPLE (Line Drive, 8RXD, EV 103.8 MPH)
|
|
Batting: LHB Hiroki Yamamoto
|
0-0: Fly out, F3 (Line Drive, 34, EV 67.5 MPH)
|
|
Batting: RHB Chris Graham
|
0-0: Foul Ball, location: 2F 0-1: Ball 1-1: Swinging Strike 1-2: Ball 2-2: Strikes out swinging
|
| Top of the 5th over - 0 runs, 1 hit, 0 errors, 1 left on base; Los Angeles (NYP) 1 - Salem-Keizer 0 |
| BOTTOM OF THE 5TH |
|
Salem-Keizer Volcanoes batting - Pitching for Los Angeles (NYP) Dodgers : RHP Guy Jerome
|
|
Batting: RHB Matt Fabre
|
0-0: Ball 1-0: Called Strike 1-1: Ball 2-1: Foul Ball, location: 2F 2-2: DOUBLE (Flyball, 78XD, EV 101.2 MPH)
|
|
Batting: SHB Curtis Thompson
|
0-0: DOUBLE (Line Drive, 89D, EV 102.5 MPH) Matt Fabre scores
|
|
Batting: RHB Ryan Roberts
|
0-0: Called Strike 0-1: DOUBLE (Groundball, 5L, EV 105.6 MPH) Curtis Thompson scores
|
|
Batting: RHB Mario Mendoza
|
0-0: Fly out, F8 (Flyball, 8LD, EV 100.0 MPH)
|
|
Batting: RHB David Bibian
|
0-0: Called Strike 0-1: Ball 1-1: Fly out, F9 (Flyball, 9, EV 89.4 MPH)
|
|
Batting: LHB Ben Radach
|
0-0: Foul Ball, location: 2F 0-1: Ball 1-1: Called Strike 1-2: Foul Ball, location: 2F 1-2: Ball 2-2: Ball 3-2: SINGLE (Line Drive, 6D, EV 98.1 MPH) Ryan Roberts to third
|
|
Batting: LHB Tom Reynolds
|
0-0: Ball 1-0: Fielders Choice at 2nd, 5-4 (Groundball, 56, EV 84.4 MPH)
|
| Bottom of the 5th over - 2 runs, 4 hits, 0 errors, 2 left on base; Los Angeles (NYP) 1 - Salem-Keizer 2 |
| TOP OF THE 6TH |
|
Los Angeles (NYP) Dodgers batting - Pitching for Salem-Keizer Volcanoes : RHP Allen Vesey
|
|
Batting: SHB Guy Jerome
|
0-0: Called Strike 0-1: Fly out, F8 (Flyball, 8LS, EV 90.6 MPH)
|
|
Batting: RHB Perry Dominey
|
0-0: Ball 1-0: Swinging Strike 1-1: Swinging Strike 1-2: Ball 2-2: DOUBLE (Flyball, 89D, EV 94.4 MPH)
|
|
Batting: LHB Randy Stapleton
|
0-0: Called Strike Perry Dominey steals 3rd base 0-1: TRIPLE (Line Drive, 89XD, EV 97.5 MPH) Perry Dominey scores
|
|
Batting: SHB Marcos Cortez
|
0-0: Called Strike 0-1: Foul Ball, location: 2F 0-2: Ball 1-2: Fly out, F9 (Flyball, 89S, EV 93.1 MPH)
|
|
Batting: RHB Frank Elizondo
|
0-0: Called Strike 0-1: Called Strike 0-2: Ball 1-2: Foul Ball, location: 2F 1-2: Strikes out looking
|
| Top of the 6th over - 1 run, 2 hits, 0 errors, 1 left on base; Los Angeles (NYP) 2 - Salem-Keizer 2 |
| BOTTOM OF THE 6TH |
|
Salem-Keizer Volcanoes batting - Pitching for Los Angeles (NYP) Dodgers : RHP Guy Jerome
|
|
Pitching: RHP Angel Rivas
|
|
|
Batting: LHB Mike Sammons
|
0-0: Called Strike 0-1: Ball 1-1: Ball 2-1: Ball 3-1: Base on Balls
|
|
Batting: RHB Jonathan Davis
|
0-0: Ball 1-0: Ball 2-0: Swinging Strike 2-1: Called Strike 2-2: Strikes out swinging
|
|
Batting: RHB Matt Fabre
|
0-0: Ball 1-0: Ball 2-0: Ball 3-0: Swinging Strike 3-1: Foul Ball, location: 2F 3-2: Strikes out looking Mike Sammons steals 2nd base Batter strikes out.
|
|
Pitching: RHP Justin Donovan
|
|
|
Batting: SHB Curtis Thompson
|
0-0: Ball 1-0: Fly out, F7 (Flyball, 78M, EV 92.5 MPH)
|
| Bottom of the 6th over - 0 runs, 0 hits, 0 errors, 1 left on base; Los Angeles (NYP) 2 - Salem-Keizer 2 |
| TOP OF THE 7TH |
|
Los Angeles (NYP) Dodgers batting - Pitching for Salem-Keizer Volcanoes : RHP Allen Vesey
|
|
Pinch Hitting: LHB Ramon Padilla
|
0-0: Called Strike 0-1: Ball 1-1: Swinging Strike 1-2: Foul Ball, location: 2F 1-2: Ball 2-2: Strikes out swinging
|
|
Batting: RHB Justin Van Houten
|
0-0: Ball 1-0: Called Strike 1-1: Ground out 6-3 (Groundball, 6, EV 81.9 MPH)
|
|
Batting: LHB Hiroki Yamamoto
|
0-0: Called Strike 0-1: Swinging Strike 0-2: Ball 1-2: Strikes out swinging
|
| Top of the 7th over - 0 runs, 0 hits, 0 errors, 0 left on base; Los Angeles (NYP) 2 - Salem-Keizer 2 |
| BOTTOM OF THE 7TH |
|
Salem-Keizer Volcanoes batting - Pitching for Los Angeles (NYP) Dodgers : RHP Justin Donovan
|
|
Now at 1B: Ramon Padilla
|
|
|
Now at 2B: Marcos Cortez
|
|
|
Now at SS: Chris Graham
|
|
|
Batting: RHB Ryan Roberts
|
0-0: Called Strike 0-1: Foul Ball, location: 2F 0-2: Strikes out looking
|
|
Pinch Hitting: LHB Adrian Navarro
|
0-0: Ball 1-0: Fly out, F7 (Flyball, 78M, EV 81.9 MPH)
|
|
Batting: RHB David Bibian
|
0-0: Called Strike 0-1: Ball 1-1: Called Strike 1-2: Ball 2-2: Strikes out swinging
|
| Bottom of the 7th over - 0 runs, 0 hits, 0 errors, 0 left on base; Los Angeles (NYP) 2 - Salem-Keizer 2 |
| TOP OF THE 8TH |
|
Los Angeles (NYP) Dodgers batting - Pitching for Salem-Keizer Volcanoes : RHP Allen Vesey
|
|
Pitching: RHP Chong-hun Park
|
|
|
Now in CF: Houston Brock
|
|
|
Pinch Hitting: LHB Conor Bailey
|
0-0: Called Strike 0-1: Fly out, F9 (Flyball, 9D, EV 78.8 MPH)
|
|
Batting: SHB Guy Jerome
|
0-0: Ball 1-0: DOUBLE (Line Drive, 3D, EV 101.9 MPH)
|
|
Batting: RHB Perry Dominey
|
0-0: Called Strike 0-1: TRIPLE (Flyball, 89XD, EV 88.8 MPH) Guy Jerome scores
|
|
Batting: LHB Randy Stapleton
|
0-0: Intentional Walk
|
|
Batting: SHB Marcos Cortez
|
0-0: Called Strike 0-1: Foul Ball, location: 2F 0-2: Foul Ball, location: 2F 0-2: Foul Ball, location: 2F 0-2: Strikes out swinging
|
|
Batting: RHB Frank Elizondo
|
0-0: Foul Ball, location: 2F 0-1: Ball 1-1: Foul Ball, location: 2F 1-2: Strikes out swinging
|
| Top of the 8th over - 1 run, 2 hits, 0 errors, 2 left on base; Los Angeles (NYP) 3 - Salem-Keizer 2 |
| BOTTOM OF THE 8TH |
|
Salem-Keizer Volcanoes batting - Pitching for Los Angeles (NYP) Dodgers : RHP Justin Donovan
|
|
Now at SS: Dave Reynoso
|
|
|
Batting: LHB Ben Radach
|
0-0: Ball 1-0: Ball 2-0: Called Strike 2-1: Foul Ball, location: 2F 2-2: Strikes out swinging
|
|
Pitching: RHP Alfredo Sanchez
|
|
|
Batting: LHB Tom Reynolds
|
0-0: Swinging Strike 0-1: Ball 1-1: Fly out, F7 (Flyball, 7D, EV 96.9 MPH)
|
|
Batting: LHB Mike Sammons
|
0-0: Ball 1-0: Ball 2-0: Foul Ball, location: 2F 2-1: Ball 3-1: Called Strike 3-2: Base on Balls
|
|
Batting: RHB Jonathan Davis
|
0-0: Called Strike 0-1: Called Strike 0-2: Ball 1-2: Ball 2-2: Ball 3-2: Base on Balls Mike Sammons to second
|
|
Pinch Hitting: SHB Dan Hill
|
0-0: Called Strike 0-1: Ball 1-1: Ball 2-1: Ball 3-1: Called Strike 3-2: Foul Ball, location: 2F 3-2: SINGLE (Line Drive, 8RS, EV 91.9 MPH) Mike Sammons to third Jonathan Davis to second Mike Sammons scores Jonathan Davis to third
|
|
Pitching: RHP Bobby Altamirano
|
|
|
Batting: SHB Curtis Thompson
|
0-0: Called Strike 0-1: Foul Ball, location: 2F 0-2: SINGLE (Groundball, 34S, EV 69.4 MPH) (infield hit) Jonathan Davis scores Dan Hill to second
|
|
Pinch Hitting: LHB John Luke
|
0-0: Ball 1-0: Ball 2-0: Ball 3-0: Called Strike 3-1: Called Strike 3-2: Foul Ball, location: 2F 3-2: Ground out U3 (Groundball, 3L, EV 96.9 MPH)
|
| Bottom of the 8th over - 2 runs, 2 hits, 0 errors, 2 left on base; Los Angeles (NYP) 3 - Salem-Keizer 4 |
| TOP OF THE 9TH |
|
Los Angeles (NYP) Dodgers batting - Pitching for Salem-Keizer Volcanoes : RHP Chong-hun Park
|
|
Pitching: RHP Loeck Bakker
|
|
|
Now at 1B: J.R. Roberts
|
|
|
Now at 3B: Jonathan Davis
|
|
|
Now at SS: Jim Begger
|
|
|
Now in RF: Andy Cunningham
|
|
|
Batting: LHB Ramon Padilla
|
0-0: Called Strike 0-1: Ball 1-1: Ball 2-1: Ground out U3 (Groundball, 3S, EV 65.6 MPH)
|
|
Pitching: RHP Joaquin Villalobos
|
|
|
Batting: RHB Justin Van Houten
|
0-0: Called Strike 0-1: Swinging Strike 0-2: Ball 1-2: Strikes out swinging
|
|
Batting: LHB Hiroki Yamamoto
|
0-0: Called Strike 0-1: Ball 1-1: SINGLE (Groundball, 56D, EV 94.4 MPH)
|
|
Batting: SHB Dave Reynoso
|
0-0: Called Strike 0-1: Ball 1-1: Ball 2-1: Foul Ball, location: 2F 2-2: Fielders Choice at 2nd, U6 (Groundball, 6M, EV 75.6 MPH)
|
| Top of the 9th over - 0 runs, 1 hit, 0 errors, 1 left on base; Los Angeles (NYP) 3 - Salem-Keizer 4 |
|